 Dungeon Crawl Stone Soup version 0.27-a0-1501-g9d6fb14e67 (webtiles) character file.

Game seed: 6838540783133250758

70 Kinoniko the Slasher (level 4, -3/36 HPs)
             Began as a Draconian Gladiator on July 8, 2021.
             Killed from afar by Ijyb (6 damage)
             ... with a puff of flame
             ... on level 3 of the Dungeon.
             The game lasted 00:02:16 (2085 turns).

Kinoniko the Slasher (Draconian Gladiator)          Turns: 2085, Time: 00:02:16

Health: -3/36      AC:  5    Str: 16    XL:     4   Next: 3%
Magic:  4/4        EV: 12    Int:  9    God:
Gold:   36         SH:  3    Dex: 13    Spells: 3/3 levels left

rFire    . . .     SeeInvis .   a - +0 long sword
rCold    . . .     Faith    .   g - +0 buckler
rNeg     . . .     Spirit   .   (armour unavailable)
rPois    .         Reflect  .   b - +0 hat
rElec    .         Harm     .   (no cloak)
rCorr    .         Rampage  .   (no gloves)
Will     .....                  (no boots)
Stlth    +.........             (no amulet)
HPRegen  0.12/turn              (no ring)
MPRegen  0.09/turn              (no ring)

@: no status effects
A: AC +5, unfitting armour, cold-blooded
a: no special abilities


You were on level 3 of the Dungeon.
You visited 1 branch of the dungeon, and saw 4 of its levels.

You collected 60 gold pieces.
You spent 24 gold pieces at shops.

Inventory:

Hand Weapons
 a - a +0 long sword (weapon)
Missiles
 c - 3 throwing nets (quivered)
 j - 6 curare-tipped darts
Armour
 b - a +0 hat (worn)
 g - a +0 buckler (worn)
Scrolls
 h - a scroll of holy word {unknown}
 i - a scroll of noise {unknown}
 k - a scroll of identify {unknown}
 l - a scroll of immolation {unknown}


   Skills:
 - Level 2.2 Fighting
 * Level 4.3 Long Blades
 - Level 1.8 Throwing
 - Level 3.2 Dodging
 + Level 0.6 Shields


You had 3 spell levels left.
You didn't know any spells.
Your spell library contained the following spells:

 Spells                   Type           Power      Damage    Failure   Level
 Ensorcelled Hibernation  Hex/Ice        0%         N/A       67%         2
 Spider Form              Tmut/Pois      0%         N/A       88%         3
 Shadow Creatures         Summ           N/A        N/A       100%        6


Dungeon Overview and Level Annotations

Branches:
Dungeon (4/15)
 Temple: D:4-7

Altars:
Dithmenos

Shops:
D:3 *

Annotations:
D:3 Ijyb, Natasha


Innate Abilities, Weirdness & Mutations

Your plain brown scales are hard. (AC +5)
You cannot fit into any form of body armour.
You are cold-blooded and may be slowed by cold attacks.


Message History

Ijyb shouts!
Ijyb is nearby!
Ijyb zaps a wand.
The puff of flame hits you.
There is a stone staircase leading down here.
Sorry, you're not good enough to have a special ability.
Sorry, you're not good enough to have a special ability.
You barely miss Ijyb.
Your tail-slap misses Ijyb.
Ijyb hits you with a +0 spectral club. Ijyb closely misses you.
You hit Ijyb but do no damage. You tail-slap Ijyb, but do no damage.
Ijyb barely misses you.
You riposte.
You closely miss Ijyb. You hit Ijyb.
Your tail-slap misses Ijyb.
Ijyb is moderately wounded.
Ijyb zaps a wand.
The puff of flame hits you!
You barely miss Ijyb.
Ijyb is moderately wounded.
Ijyb closely misses you.
You closely miss Ijyb.
Ijyb is moderately wounded.
Ijyb zaps a wand.
The puff of flame hits you! Ijyb hits you with a +0 spectral club.
Your shield prevents you from hitting Ijyb.
Ijyb is moderately wounded.
You block Ijyb's attack.
You hit Ijyb.
Ijyb is moderately wounded.
Ijyb zaps a wand.
The puff of flame hits you.
You hit Ijyb.
Ijyb is heavily wounded.
Ijyb hits you but does no damage. Ijyb misses you.
You riposte.
You hit Ijyb but do no damage.
Ijyb is heavily wounded.
You hit Ijyb but do no damage.
Ijyb is heavily wounded.
Ijyb zaps a wand.
The puff of flame hits you!
* * * LOW HITPOINT WARNING * * *
Unknown command.
You closely miss Ijyb. You tail-slap Ijyb, but do no damage.
Ijyb is heavily wounded.
Ijyb zaps a wand.
The puff of flame hits you.
You die...

.. #.# #.##.#
..#.# #.#.#
##..(## .....
#.g#
#.@########
##........#
#........#
#........####
#...........#
#.######....#
#.# #....#
#.# #....#
#.# #....#


You could see Ijyb.

Vanquished Creatures
  A hound skeleton (D:2)
  An adder (D:2)
  2 dart slugs
  2 worms (D:2)
  An orc (D:3)
  4 bats
  6 endoplasms
  3 hobgoblins
  6 jackals
  3 ball pythons
  5 frilled lizards
  A kobold (D:2)
  3 rats
38 creatures vanquished.

Notes
Turn   | Place    | Note
-------+----------+-------------------------------------------
     0 | D:1      | Kinoniko the Draconian Gladiator began the quest for the
                  | Orb.
     0 | D:1      | Reached XP level 1. HP: 17/17 MP: 1/1
    98 | D:1      | Reached XP level 2. HP: 18/24 MP: 2/2
   552 | D:1      | Found a faded altar of an unknown god.
   785 | D:2      | Reached XP level 3. HP: 29/29 MP: 3/3
   792 | D:2      | Found a shadowy altar of Dithmenos.
   931 | D:2      | Reached skill level 4 in Long Blades
  1503 | D:3      | Found Ciedwioss's Assorted Antiques.
  1513 | D:3      | Bought a scroll labelled COGIWOGEEL for 24 gold pieces
  1591 | D:3      | Reached XP level 4. HP: 36/36 MP: 4/4
  1595 | D:3      | Noticed Natasha
  2072 | D:3      | Noticed Ijyb
  2085 | D:3      | Killed from afar by Ijyb

Illustrated notes

Levels and vault maps discovered:
D:1:      lordsloth_arrival_two_stooges, layout_basic,
          ebering_ecumenical_altar_ruins, moated_statue, st_stairs_13
D:2:      layout_rooms, basic_altar
D:3:      layout_basic, mainiacjoe_overflow_brackets, lightli_temple_of_fire,
          serial_shops, nicolae_shop_crystal, uniq_natasha, uniq_ijyb,
          uniq_sigmund
D:4:      layout_loops_cross, chei_slow_surprise, uniq_edmund, uniq_grinder,
          uniq_menkaure

Skill      XL: |  1  2  3 |
---------------+----------+-----
Dodging        | 3 |  3.2
Long Blades    | 4 |  4.3
Fighting       | |  2.2
Throwing       | |  1.8
Shields        | |  0.6

Action                   |  1- 3 |  4- 6 || total
-------------------------+-------+-------++-------
Melee: Long sword        |    92 |    25 ||   117
       Tailslap          |    10 |     2 ||    12
  Use: Potion            |     1 |       ||     1
       Scroll            |       |     2 ||     2
Armor: Skin              |    44 |    12 ||    56
Dodge: Dodged            |    61 |     7 ||    68
Block: Buckler           |     6 |     3 ||     9
       Rpst.: Long sword |    22 |     2 ||    24

Table legend: (Time is in decaauts)
 A = Elapsed time spent in this place.
 B = Non-inter-level travel time spent in this place.
 C = Inter-level travel time spent in this place.
 D = Time resting spent in this place.
 E = Time spent auto-exploring this place.
 F = Levels seen in this place.
 G = Mean time per level.
                   A        B        C        D        E       F      G
               +--------+--------+--------+--------+--------+-----+--------+
         Total |   2121 |   2086 |     35 |    436 |   1340 |   4 |  530.2 |
       Dungeon |   2121 |   2086 |     35 |    436 |   1340 |   4 |  530.2 |
               +--------+--------+--------+--------+--------+-----+--------+

Top non-repeatable levels by time:
     D:1: 787 daAuts
     D:3: 667 daAuts
     D:2: 664 daAuts
     D:4: 2 daAuts
